 Dungeon Crawl Stone Soup version bcrawl-1.14 (webtiles) character file.

Game seed: 6599140321658379564

23270 Goodini51 the Eclecticist (level 13, -6/72 HPs)
             Began as a Fairy Earth Elementalist on Aug 22, 2019.
             Was an Elder of Vehumet.
             Killed from afar by a frost giant (33 damage)
             ... with a freezing blast
             ... on level 12 of the Dungeon on Sept 17, 2019.
             The game lasted 01:31:43 (12530 turns).

Goodini51 the Eclecticist (FrEE)                   Turns: 12530, Time: 01:31:44

Health: -6/72      AC: 15    Str:  6    XL:     13   Next: 5%
Magic:  35/35      EV: 19    Int: 25    God:    Vehumet [****..]
Gold:   175        SH:  7    Dex: 15    Spells: 15/45 levels left

rFire    . . .     SeeInvis .   p - +7 flail (holy)
rCold    . . .     Gourm    .   (shield restricted)
rNeg     . . .     Faith    .   (armour unavailable)
rPois    .         Spirit   .   l - +1 hat
rElec    .         Reflect  .   x - +2 cloak
rCorr    +         Harm     .   w - +2 pair of gloves
MR       +....                  C - +0 pair of boots
Stlth    +.........             (no amulet)
HPRegen  0.22/turn              q - +3 ring of dexterity
MPRegen  0.24/turn              y - ring of resist corrosion

@: flying evasively
A: small, magic attunement, unstealthy, unfitting armour, able to fly, AC/SH +7
a: Stop Flying, Renounce Religion


You were on level 12 of the Dungeon.
You worshipped Vehumet.
Vehumet was greatly pleased with you.
You were not hungry.

You visited 2 branches of the dungeon, and saw 13 of its levels.
You also visited: Bailey.

You collected 905 gold pieces.
You spent 730 gold pieces at shops.

Inventory:

Hand Weapons
 p - a +7 flail of holy wrath (weapon)
Missiles
 b - 8 stones (quivered)
 i - a throwing net {!f}
Armour
 l - a +1 hat (worn)
 v - a +0 buckler
 w - a +2 pair of gloves (worn)
 x - a +2 cloak (worn)
 C - a +0 pair of boots (worn)
Jewellery
 q - a +3 ring of dexterity (left hand)
 t - an uncursed ring of ice
 y - a ring of resist corrosion (right hand)
 E - an uncursed amulet of rage
Wands
 u - a wand of flame (27)
 z - a wand of digging (11)
 G - a wand of paralysis (6)
Scrolls
 d - 4 scrolls of magic mapping
 f - 5 scrolls of enchant weapon
 g - 3 scrolls of enchant armour
 h - 7 scrolls of remove curse
 j - 5 scrolls of teleportation
 r - 3 scrolls of amnesia
 s - a scroll of fog
 A - a scroll of identify
Potions
 a - 2 potions of degeneration {unknown}
 e - 3 potions of haste
 k - 3 potions of cancellation {unknown}
 m - a potion of might {unknown}
 n - 5 potions of heal wounds {unknown}
 o - 2 potions of curing
 B - a potion of lignification {unknown}
 D - a potion of agility {unknown}
Comestibles
 c - 20 rations {!d}


   Skills:
 + Level 0.4 Fighting
 + Level 0.7 Maces & Flails
 + Level 5.0 Dodging
 + Level 2.4 Stealth
 + Level 2.8 Shields
 * Level 16.9 Spellcasting
 * Level 4.8 Conjurations
 + Level 1.1 Transmutations
 * Level 5.0 Air Magic
 + Level 15.4 Earth Magic


You had 15 spell levels left.
You knew the following spells:

 Your Spells              Type           Power        Failure   Level  Hunger
a - Sandblast             Erth           ######       0%          1    None
b - Stone Arrow           Conj/Erth      ######       1%          3    None
c - Petrify               Tmut/Erth      ######..     1%          4    None
d - Lee's Rapid Deconstr  Erth           #######...   1%          5    None
e - Passwall              Tmut/Erth      ######..     1%          2    None
f - Swiftness             Chrm/Air       ####....     1%          2    None
g - Airstrike             Air            #####.....   1%          4    None
h - Lightning Bolt        Conj/Air       #####.....   2%          5    None
i - Regeneration          Chrm/Necr      ###.......   8%          3    None
j - Shock                 Conj/Air       #####        1%          1    None

Your spell library contained the following spells:

 Spells                   Type           Power        Failure   Level  Hunger
 Conjure Flame            Conj/Fire      ####....     1%          3    None
 Beastly Appendage        Tmut           ####..       1%          1    None
 Static Discharge         Air            #####...     1%          3    None
 Animate Skeleton         Necr           N/A          2%          1    None
 Pain                     Necr           ###.         2%          1    None
 Summon Small Mammal      Summ           ###.         2%          1    None
 Sticks to Snakes         Tmut           ####....     2%          2    None
 Call Imp                 Summ           ###.....     3%          2    None
 Spider Form              Tmut/Pois      ###          6%          3    None
 Bolt of Draining         Conj/Necr      ####......   7%          5    None
 Call Canine Familiar     Summ           ###.....     8%          3    None
 Vampiric Draining        Necr           ###.......   8%          3    None
 Ice Form                 Ice/Tmut       ###.....     19%         4    None
 Animate Dead             Necr           N/A          24%         4    None
 Summon Ice Beast         Ice/Summ       ###.....     24%         4    None
 Summon Lightning Spire   Summ/Air       ####....     24%         5    None
 Blade Hands              Tmut           ####......   38%         5    None


Dungeon Overview and Level Annotations

Branches:
Dungeon (12/12)            Temple (1/1) D:7            Lair (0/6) D:9
    Orc (0/1) D:10         Depths (0/5) D:12
 Vaults: D:11-12

Altars:
Ashenzari
Cheibriados
Dithmenos
Elyvilon
Fedhas
Gozag
Hepliaklqana
Kikubaaqudgha
Lugonu
Makhleb
Nemelex Xobeh
Okawaru
Qazlal
Ru
Sif Muna
Trog
Uskayaw
Vehumet
Wu Jian
Xom
Yredelemnul
Zin
The Shining One

Shops:
D:5 }   D:7 *   D:11 *


Innate Abilities, Weirdness & Mutations

Your spells do not cause hunger and MP costs are reduced by 1.
Your bright wings attract enemies. (Stealth-)
You cannot fit into any form of body armour.
Your shimmering scales are hard and can block incoming attacks. (AC +7, SH +7)
You are small and have problems with some larger weapons.
You can fly continuously.


Message History

You see here a vampire mosquito corpse.
Your surroundings suddenly seem different.
You start resting.
Magic restored.
You start resting.
The frost giant is too close now for your liking.
Casting: Lightning Bolt (safe; 2% risk of failure)
Confirm with . or Enter, or press ? or * to list all spells.
Aiming: Airstrike (safe; 1% risk of failure)
Press: ? - help, Dir - move target cursor, f - frost giant
Aim: a frost giant, wielding a +0 battleaxe of freezing (hasn't noticed you)
Okay, then.
The frost giant shouts!
The frost giant points at you and mumbles some strange words.
The freezing blast explodes!
The freezing blast engulfs you!
A troll comes into view.
The troll shouts!
The frost giant gestures at you while chanting.
The freezing blast explodes!
The freezing blast engulfs you!
You die...

#######
#.'...+
#)#.>.# # ###
#.#...#.# #..
#C##+##.# #T#
#.≈...≈.# #.#
#.≈...≈.# #.#
#.≈.≈.≈.# #@#
#.#.#.#.# #.#
#≈..#..≈# #.#
#≈≈...≈≈# #.#
####+#### #.#
#.#########.#
#.....C...C.#
###########.#
#.#


You could see a frost giant and a troll.

Vanquished Creatures
  Fannar (D:11)
  2 centaur warriors
  4 two-headed ogres
  2 tengu warriors (D:11)
  2 cyclopes (D:10)
  2 harpies (D:11)
  A wolf spider (D:12)
  2 manticores (D:11)
  Maurice (D:11)
  A centaur zombie (D:8)
  A centaur skeleton (D:11)
  3 kobold demonologists
  An efreet (D:11)
  A komodo dragon (D:8)
  A tengu conjurer (D:11)
  A wind drake (shapeshifter) (D:11)
  3 trolls
  2 slime creatures (D:10)
  A meliai zombie (D:12)
  6 hippogriffs
  Sigmund (D:5)
  A human (D:10)
  A basilisk (D:11)
  2 vampire mosquitoes (D:12)
  7 yaks
  Edmund (D:4)
  2 wargs (D:10)
  An acid dragon (D:11)
  3 orc warriors
  Duvessa (D:5)
  An ice beast (D:8)
  A black bear (D:7)
  4 sky beasts
  A hornet zombie (D:5)
  3 necrophages
  An eye of draining (D:11)
  3 phantoms
  7 ogres
  12 centaurs
  2 wolves (D:9)
  A crocodile (D:11)
  3 big kobolds
  A gnoll sergeant (D:6)
  8 bullfrogs
  Dowan (D:5)
  3 scorpions
  A water moccasin skeleton (D:4)
  A wyvern skeleton (D:9)
  12 killer bees
  4 wights (D:8)
  9 howler monkeys
  3 electric eels (D:9)
  8 crimson imps
  3 jellies
  4 orc priests
  A bullfrog skeleton (D:8)
  7 hounds
  A gnoll shaman (D:7)
  6 iguanas
  8 orc wizards
  6 worker ants
  A killer bee zombie (D:8)
  A hound skeleton (D:5)
  15 gnolls
  6 adders
  3 shadow imps
  2 worms (D:2)
  13 dart slugs
  9 leopard geckos
  43 orcs
  4 ball pythons
  6 bats
  4 giant cockroaches
  7 goblins
  6 hobgoblins
  8 jackals
  5 quokkas
  10 frilled lizards
  21 kobolds
  A leopard gecko skeleton (D:4)
  9 rats
  A plant (D:11)
359 creatures vanquished.

Vanquished Creatures (others)
  2 plants (D:11)
2 creatures vanquished.

Grand Total: 361 creatures vanquished

Notes
Turn   | Place    | Note
-------+----------+-------------------------------------------
     0 | D:1      | Goodini51 the Fairy Earth Elementalist began the quest for
                  | the Orb.
     0 | D:1      | Reached XP level 1. HP: 11/11 MP: 6/6
   140 | D:1      | Reached XP level 2. HP: 17/17 MP: 7/7
   175 | D:1      | Reached skill level 3 in Spellcasting
   418 | D:1      | Reached XP level 3. HP: 21/21 MP: 9/9
   423 | D:1      | Learned a level 3 spell: Stone Arrow
   603 | D:2      | Reached XP level 4. HP: 27/27 MP: 9/11
   610 | D:2      | Reached skill level 5 in Earth Magic
   780 | D:2      | Reached skill level 4 in Spellcasting
  1296 | D:3      | Found a white marble altar of Elyvilon.
  1341 | D:3      | Reached XP level 5. HP: 31/31 MP: 13/13
  1474 | D:3      | Learned a level 4 spell: Petrify
  1638 | D:3      | Found a blossoming altar of Fedhas.
  1951 | D:4      | Noticed Edmund
  1961 | D:4      | Killed Edmund
  1961 | D:4      | Reached skill level 5 in Spellcasting
  1961 | D:4      | Reached XP level 6. HP: 32/36 MP: 9/16
  2063 | D:4      | Reached skill level 6 in Spellcasting
  2192 | D:4      | Noticed a phantom
  2198 | D:4      | Killed a phantom
  2198 | D:4      | Reached XP level 7. HP: 33/41 MP: 13/18
  2359 | D:4      | Reached skill level 7 in Spellcasting
  2430 | D:4      | Found an iron altar of Okawaru.
  2588 | D:5      | Entered Level 5 of the Dungeon
  2617 | D:5      | Reached skill level 8 in Spellcasting
  2617 | D:5      | Reached XP level 8. HP: 37/46 MP: 13/22
  2790 | D:5      | Reached skill level 9 in Spellcasting
  2790 | D:5      | Reached skill level 1 in Conjurations
  3008 | D:5      | Noticed Sigmund
  3009 | D:5      | Noticed Duvessa
  3009 | D:5      | Noticed Dowan
  3015 | D:5      | Killed Sigmund
  3023 | D:5      | Killed Duvessa
  3025 | D:5      | Killed Dowan
  3025 | D:5      | Reached skill level 10 in Spellcasting
  3161 | D:5      | Reached XP level 9. HP: 51/51 MP: 22/25
  3268 | D:5      | Found Jasy Rowaus's Gadget Emporium.
  3621 | D:6      | Learned a level 5 spell: Lee's Rapid Deconstruction
  3763 | D:6      | Reached skill level 10 in Earth Magic
  4116 | D:6      | Reached skill level 11 in Spellcasting
  4423 | D:7      | Found Cedusoerph's Assorted Antiques.
  4539 | D:7      | Reached XP level 10. HP: 56/56 MP: 23/27
  4625 | D:7      | Found a staircase to the Ecumenical Temple.
  4680 | Temple   | Entered the Ecumenical Temple
  4763 | Temple   | Became a worshipper of Vehumet
  5050 | D:8      | Reached skill level 12 in Spellcasting
  5256 | D:8      | Learned a level 2 spell: Passwall
  5419 | D:8      | Reached * piety under Vehumet
  5419 | D:8      | Offered knowledge of Flame Tongue by Vehumet.
  5567 | D:8      | Found a flagged portal.
  5626 | Bailey   | Entered a bailey
  5854 | D:9      | Noticed a kobold demonologist
  5854 | D:9      | Noticed a kobold demonologist
  5862 | D:8      | Killed a kobold demonologist
  5862 | D:8      | Killed a kobold demonologist
  5862 | D:8      | Reached skill level 13 in Spellcasting
  6024 | D:9      | Reached XP level 11. HP: 54/61 MP: 25/30
  6037 | D:9      | Offered knowledge of Freeze by Vehumet.
  6046 | D:9      | Noticed a two-headed ogre
  6053 | D:9      | Reached ** piety under Vehumet
  6055 | D:9      | Killed a two-headed ogre
  6055 | D:9      | Reached skill level 14 in Spellcasting
  6061 | D:9      | Reached skill level 1 in Shields
  6458 | D:9      | Found a staircase to the Lair.
  7403 | D:10     | Entered Level 10 of the Dungeon
  7494 | D:10     | Noticed a two-headed ogre
  7507 | D:10     | Noticed a cyclops
  7512 | D:10     | Noticed a cyclops
  7525 | D:10     | Killed a cyclops
  7526 | D:10     | Killed a cyclops
  7656 | D:10     | Offered knowledge of Inner Flame by Vehumet.
  8103 | D:10     | Found a staircase to the Orcish Mines.
  8110 | D:10     | Killed a two-headed ogre
  8145 | D:10     | Reached skill level 15 in Spellcasting
  8265 | D:10     | Reached *** piety under Vehumet
  8533 | D:11     | Reached XP level 12. HP: 59/66 MP: 7/33
  8732 | D:11     | Noticed a tengu warrior
  8745 | D:11     | Killed a tengu warrior
  8745 | D:11     | Offered knowledge of Dazzling Spray by Vehumet.
  8845 | D:11     | Found a gate leading to a gauntlet.
  8858 | D:11     | Noticed a two-headed ogre
  8861 | D:11     | Killed a two-headed ogre
  8873 | D:11     | Noticed a two-headed ogre
  8879 | D:11     | Killed a two-headed ogre
  9031 | D:11     | Found Wella's General Store.
  9034 | D:11     | Bought a scroll of enchant weapon for 97 gold pieces
  9034 | D:11     | Bought a scroll of identify for 26 gold pieces
  9034 | D:11     | Bought a scroll of enchant armour for 97 gold pieces
  9133 | D:11     | Reached skill level 16 in Spellcasting
  9338 | D:11     | Reached skill level 15 in Earth Magic
  9435 | D:11     | Noticed Maurice
  9450 | D:11     | Killed Maurice
  9451 | D:11     | Noticed a centaur warrior
  9454 | D:11     | Noticed a tengu warrior
  9456 | D:11     | Killed a centaur warrior
  9462 | D:11     | Killed a tengu warrior
  9914 | D:7      | Bought a hardcover book for 510 gold pieces
  9917 | D:7      | Learned a level 2 spell: Swiftness
  9922 | D:7      | Learned a level 4 spell: Airstrike
  9928 | D:7      | Learned a level 5 spell: Lightning Bolt
  9932 | D:7      | Learned a level 3 spell: Regeneration
  9934 | D:7      | Learned a level 1 spell: Shock
 10029 | D:12     | Entered Level 12 of the Dungeon
 10090 | D:11     | Reached skill level 1 in Air Magic
 10208 | D:12     | Noticed Fannar
 10969 | D:11     | Upgraded the game from bcrawl-1.13.5 to bcrawl-1.14
 11211 | D:11     | Killed Fannar
 11355 | D:12     | Reached **** piety under Vehumet
 11643 | D:12     | HP: 1/67 [wolf spider zombie (4)]
 11950 | D:12     | Noticed a centaur warrior
 11958 | D:12     | Killed a centaur warrior
 11958 | D:12     | Offered knowledge of Conjure Flame by Vehumet.
 11958 | D:12     | Reached skill level 5 in Dodging
 11958 | D:12     | Reached XP level 13. HP: 18/72 MP: 11/35
 12214 | D:12     | Found a staircase to the Depths.
 12214 | D:12     | Noticed a frost giant
 12312 | D:12     | Reached skill level 5 in Air Magic
 12530 | D:12     | Killed from afar by a frost giant

Skill      XL: |  1  2  3  4  5  6  7  8  9 10 11 12 13 |
---------------+----------------------------------------+-----
Earth Magic    | 4 5 6 7 9 11 12 14 15 | 15.4
Spellcasting   | 3 4 5 6 8 10 11 13 15 16 | 16.9
Dodging        | 3 4 5 |  5.0
Conjurations   | 1 2 3 4 |  4.8
Stealth        | 2 |  2.4
Shields        | 2 |  2.8
Air Magic      | 4 5 |  5.0
Fighting       | |  0.4
Maces & Flails | |  0.7
Transmutations | |  1.1

Action                   |  1- 3 |  4- 6 |  7- 9 | 10-12 | 13-15 || total
-------------------------+-------+-------+-------+-------+-------++-------
Melee: Unarmed           |     3 |       |       |       |       ||     3
       Flail             |       |     5 |     2 |    15 |     5 ||    27
 Cast: Sandblast         |    35 |    76 |    98 |   138 |       ||   347
       Stone Arrow       |       |    14 |    63 |   129 |     3 ||   209
       Petrify           |       |       |     1 |     4 |     1 ||     6
       Lee's Rapid Decon |       |       |     5 |    44 |       ||    49
       Airstrike         |       |       |       |    22 |     7 ||    29
       Lightning Bolt    |       |       |       |    16 |     6 ||    22
  Use: Scroll            |       |     4 |     5 |     4 |     2 ||    15
       Potion            |       |       |       |     1 |       ||     1
  Eat: Chunk             |       |     4 |     7 |     8 |       ||    19
       Ration            |       |       |       |     4 |     1 ||     5
Armor: Skin              |     1 |     3 |     5 |    79 |     7 ||    95
Dodge: Dodged            |     6 |    22 |    32 |   196 |     6 ||   262
Block: Other             |     3 |     3 |    12 |    76 |     1 ||    95
